 Dungeon Crawl Stone Soup version 0.26.1-11-gd32895ea62 (webtiles) character file.

Game seed: 5577945450825897768

189 Almogavar the Firebug (level 5, -4/40 HPs)
             Began as a Hill Orc Fire Elementalist on May 14, 2021.
             Was an Initiate of Okawaru.
             Killed by nerve-wracking pain
             ... invoked by Grinder
              (9 damage)
             ... on level 4 of the Dungeon on May 15, 2021.
             The game lasted 00:14:28 (4784 turns).

Almogavar the Firebug (Hill Orc Fire Elementalist)  Turns: 4784, Time: 00:14:29

Health: -4/40      AC:  8    Str: 11    XL:     5   Next: 68%
Magic:  3/8        EV: 12    Int: 16    God:    Okawaru [......]
Gold:   257        SH:  0    Dex: 11    Spells: 7/8 levels left

rFire    . . .     SeeInvis .   j - +2 war axe (vorpal)
rCold    . . .     Faith    .   (no shield)
rNeg     . . .     Spirit   .   a - +0 robe
rPois    .         Reflect  .   (no helmet)
rElec    .         Harm     .   (no cloak)
rCorr    .         Rampage  .   c - +1 pair of gloves
Will     .....                  (no boots)
Stlth    ++........             (no amulet)
HPRegen  0.13/turn              i - +4 ring of slaying
MPRegen  0.11/turn              g - +4 ring of protection

@: no status effects
A: no striking features
a: Renounce Religion


You were on level 4 of the Dungeon.
You worshipped Okawaru.
Okawaru was noncommittal.
You visited 2 branches of the dungeon, and saw 5 of its levels.

You collected 257 gold pieces.

Inventory:

Hand Weapons
 j - a +2 vorpal war axe (weapon)
Armour
 a - a +0 robe (worn)
 b - a +0 kite shield
 c - a +1 pair of gloves (worn)
 m - a +0 leather armour
Jewellery
 g - a +4 ring of protection (right hand)
 i - a +4 ring of slaying (left hand)
Wands
 t - a wand of iceblast (12)
Scrolls
 d - 2 scrolls of remove curse
 h - a scroll of enchant armour
 k - 3 scrolls of teleportation {unknown}
 p - 2 scrolls of magic mapping {unknown}
 q - 2 scrolls of blinking {unknown}
 r - a scroll of fear {unknown}
Potions
 e - a potion of degeneration {unknown}
 f - a potion of lignification
 l - a potion of heal wounds
 n - 2 potions of cancellation {unknown}
 o - a potion of mutation {unknown}
 s - 3 potions of curing {unknown}


   Skills:
 + Level 1.1 Fighting
 + Level 2.4 Axes
 + Level 1.9 Dodging
 + Level 2.0 Stealth
 + Level 2.2 Spellcasting
 + Level 2.2 Conjurations
 + Level 4.6 Fire Magic


You had 7 spell levels left.
You knew the following spells:

 Your Spells              Type           Power        Failure   Level
a - Foxfire               Conj/Fire      48%          4%          1

Your spell library contained the following spells:

 Spells                   Type           Power        Failure   Level
 Conjure Flame            Conj/Fire      12%          14%         3
 Inner Flame              Hex/Fire       9%           24%         3
 Sticky Flame             Conj/Fire      12%          43%         4
 Fireball                 Conj/Fire      6%           80%         5


Dungeon Overview and Level Annotations

Branches:
Dungeon (4/15)             Temple (1/1) D:4

Altars:
Ashenzari
Cheibriados
Dithmenos
Elyvilon
Fedhas
Gozag
Hepliaklqana
Kikubaaqudgha
Nemelex Xobeh
Okawaru
Qazlal
Sif Muna
Trog
Wu Jian
Xom
Yredelemnul
The Shining One

Annotations:
D:4 Grinder


Message History

The foxfire hits Grinder.
Grinder is heavily wounded.
Grinder hits you.
You writhe in agony.
Casting: Foxfire (safe; 4% risk of failure)
Confirm with . or Enter, or press ? or * to list all spells.
You conjure some foxfire!
Grinder hits you.
* * * LOW HITPOINT WARNING * * *
You writhe in agony.
* * * LOW HITPOINT WARNING * * *
The foxfire hits Grinder.
Grinder is severely wounded.
The foxfire hits Grinder.
Grinder is severely wounded.
Grinder closely misses you.
You closely miss Grinder.
Grinder is severely wounded.
Grinder hits you but does no damage. Grinder gestures at you.
Pain shoots through your body!
You die...

###...†....########
###....†.............
.......###.....#######
#>..................
...#...####.#.#######
##############...#..#.#.#
.............#...#......######
.###########.#...##.#.#......#
.# #.#..@5..#.#.####.# .#
#####.#.#.####.#....#.# .#
#...#.#..?. #..#.#.# .#
#...#.###.## ###..#.#.# .#
####...#.###.#. ..#..#.#.# .#
#..........#.#.##.#..#.#.# .#
#..........#?#..#.#..#.#.# .#
#.#######..#.##.#.#..#.#.#
.####.# #_# #..#...<†.÷......#


You could see Grinder.

Vanquished Creatures
  A howler monkey (D:4)
  An iguana (D:4)
  4 adders
  An ooze (D:1)
  A worm (D:2)
  2 dart slugs
  6 leopard geckos
  3 ball pythons
  5 giant cockroaches
  5 goblins
  6 hobgoblins
  9 jackals
  5 kobolds
  2 quokkas
  5 bats
  5 frilled lizards
  2 gnoll zombies (D:4)
  9 rats
72 creatures vanquished.

Vanquished Creatures (others)
  196 foxfires
196 creatures vanquished.

Grand Total: 268 creatures vanquished

Notes
Turn   | Place    | Note
-------+----------+-------------------------------------------
     0 | D:1      | Almogavar the Hill Orc Fire Elementalist began the quest
                  | for the Orb.
     0 | D:1      | Reached XP level 1. HP: 14/14 MP: 3/3
   386 | D:1      | Reached XP level 2. HP: 13/20 MP: 2/4
  1362 | D:2      | Reached XP level 3. HP: 21/26 MP: 1/5
  1454 | D:2      | Reached skill level 4 in Fire Magic
  1513 | D:2      | Reached skill level 1 in Axes
  1705 | D:2      | Found a faded altar of an unknown god.
  2064 | D:2      | Reached XP level 4. HP: 31/33 MP: 4/7
  3390 | D:3      | Found a sparkling altar of Nemelex Xobeh.
  3396 | D:3      | Reached XP level 5. HP: 39/39 MP: 6/8
  3798 | D:4      | Found a staircase to the Ecumenical Temple.
  3833 | Temple   | Entered the Ecumenical Temple
  4115 | Temple   | Became a worshipper of Warmaster Okawaru
  4177 | D:4      | Found an opulent altar of Gozag.
  4287 | D:4      | Found a basalt altar of Yredelemnul.
  4411 | D:4      | Reached skill level 1 in Fighting
  4763 | D:4      | Noticed Grinder
  4771 | D:4      | Paralysed by Grinder for 5 turns
  4784 | D:4      | Killed from afar by Grinder

Illustrated notes

Levels and vault maps discovered:
D:1:      amcnicky_arrival_wind_blow, layout_basic, minmay_door_square
D:2:      layout_rooms, chequers_ecumenical_altar_grove
D:3:      layout_basic, nemelex_xobeh_ov_fountains_minmay, kennysheep_nub
D:4:      layout_basic, lemuel_zombie_altar_yredelemnul,
          dancing_weapons_uskayaw, temple_pool_b, nicolae_gozag_seed_capital,
          uniq_grinder
Temple:   regret_index_temple_generic_petals

Skill      XL: |  1  2  3  4  5 |
---------------+----------------+-----
Fire Magic     | 4 |  4.6
Axes           | 1 2 |  2.4
Spellcasting   | 2 |  2.2
Conjurations   | 2 |  2.2
Fighting       | 1 |  1.1
Stealth        | 2 |  2.0
Dodging        | |  1.9

Action                   |  1- 3 |  4- 6 || total
-------------------------+-------+-------++-------
Melee: Hand axe          |    41 |    14 ||    55
       War axe           |       |     7 ||     7
 Cast: Foxfire           |    53 |    63 ||   116
  Use: Scroll            |     3 |     4 ||     7
Armor: Robe              |    16 |    26 ||    42
Dodge: Dodged            |    29 |    45 ||    74
